 Dungeon Crawl Stone Soup version 0.25-a0-42-g6c54e25894 (webtiles) character file.

Game seed: 13606382005928774215, levelgen mode: deterministic

35 Erk the Sneak (level 3, -6/19 HPs)
             Began as a Kobold Enchanter on Oct 22, 2019.
             Mangled by Sigmund
             ... wielding a +0 scythe
              (12 damage)
             ... on level 2 of the Dungeon.
             The game lasted 00:05:09 (1209 turns).

Erk the Sneak (Kobold Enchanter)                    Turns: 1209, Time: 00:05:10

Health: -6/19      AC:  2    Str:  5    XL:     3   Next: 55%
Magic:  6/15       EV: 15    Int: 16    God:
Gold:   48         SH:  0    Dex: 16    Spells: 3/6 levels left

rFire    . . .     SeeInvis .   f - +1 dagger (drain)
rCold    . . .     Gourm    .   (shield restricted)
rNeg     . . .     Faith    .   b - +0 robe
rPois    .         Spirit   .   (no helmet)
rElec    .         Reflect  .   (no cloak)
rCorr    .         Harm     .   (no gloves)
MR       .....                  (no boots)
Stlth    +++.......             (no amulet)
HPRegen  0.06/turn              e - ring of magical power
MPRegen  0.14/turn              (no ring)

@: very slightly contaminated, lightly drained
A: small, carnivore
a: no special abilities


You were on level 2 of the Dungeon.
You were very full.

You visited 1 branch of the dungeon, and saw 2 of its levels.

You collected 48 gold pieces.

Inventory:

Hand Weapons
 a - a +1 dagger
 f - a +1 dagger of draining (weapon)
Missiles
 i - 4 boomerangs (quivered)
Armour
 b - a +0 robe (worn)
Jewellery
 e - a ring of magical power (left hand)
Scrolls
 c - a scroll of magic mapping {unknown}
 m - a scroll of fear {unknown}
Potions
 g - a potion of curing {unknown}
 h - a potion of haste
 j - 2 potions of might {unknown}
 k - 2 potions of mutation {unknown}
 l - a potion of invisibility {unknown}
Comestibles
 d - 2 rations


   Skills:
 + Level 2.4 Short Blades
 - Level 2.4 Dodging
 + Level 4.7 Stealth
 - Level 2.1 Spellcasting
 + Level 3.3 Hexes
 + Level 0.9 Ice Magic


You had 3 spell levels left.
You knew the following spells:

 Your Spells              Type           Power        Failure   Level  Hunger
a - Corona                Hex            ##.....      4%          1    #......
b - Ensorcelled Hibernat  Hex/Ice        #.....       13%         2    ###....

Your spell library contained the following spells:

 Spells                   Type           Power        Failure   Level  Hunger
 Confuse                  Hex            ##......     16%         3    ###....
 Tukima's Dance           Hex            ##......     16%         3    ###....
 Dazzling Spray           Conj/Hex       #.....       30%         3    ###....


Dungeon Overview and Level Annotations

Branches:
Dungeon (2/15)

Altars:
Kikubaaqudgha

Annotations:
D:2 Natasha, Sigmund


Innate Abilities, Weirdness & Mutations

You are small and have problems with some larger weapons.
You are carnivorous and can eat meat at any time.


Message History

Aim: Sigmund, wielding a +0 scythe and wearing a +2 robe of positive energy (softly glowing, slightly transparent, chance to defeat MR: 49%)
You miscast Ensorcelled Hibernation.
Nothing appears to happen.
Sigmund misses you.
Casting: Ensorcelled Hibernation (safe; 13% risk of failure)
Confirm with . or Enter, or press ? or * to list all spells.
Aiming: Ensorcelled Hibernation (safe; 13% risk of failure)
Press: ? - help, Shift-Dir - straight line, f/p - Sigmund
Aim: Sigmund, wielding a +0 scythe and wearing a +2 robe of positive energy (softly glowing, slightly transparent, chance to defeat MR: 49%) Sigmund looks drowsy...
Sigmund stops glowing and disappears.
You hit something but do no damage.
You hear a shout!
Something hits you.
Casting: Ensorcelled Hibernation (safe; 13% risk of failure)
Confirm with . or Enter, or press ? or * to list all spells.
Aiming: Corona (safe; 4% risk of failure)
Press: ? - help, Shift-Dir - straight line Nothing appears to happen.
Something hits you!
Ouch! That really hurt!
You die...

#........<########..
#.#.###.....รท.).......
#...........########..
##.###.##..#########.
............#.........
###.###.#...#.######..
# #.#...#.# #..
#.###.#...#.# ###
#g{@......#.##
#####.#..#...####
#...............#
#.###.#..#...##.####
#.#..##.###.....
#.#..##.# #.###.
##.###.._.##.# #.# #.
...........##.# #.###.
###.#####..##.# #[....


You could see a goblin.

Vanquished Creatures
  An ooze (D:1)
  A dart slug (D:2)
  2 leopard geckos (D:1)
  4 bats
  4 goblins
  3 hobgoblins (D:1)
  2 frilled lizards (D:1)
  3 kobolds
  5 rats
25 creatures vanquished.

Notes
Turn   | Place    | Note
-------+----------+-------------------------------------------
     0 | D:1      | Erk the Kobold Enchanter began the quest for the Orb.
     0 | D:1      | Reached XP level 1. HP: 10/10 MP: 3/3
   158 | D:1      | Reached XP level 2. HP: 15/15 MP: 5/5
   162 | D:1      | Learned a level 2 spell: Ensorcelled Hibernation
   193 | D:2      | Noticed Natasha
   197 | D:2      | Noticed a crimson imp
   469 | D:1      | Reached XP level 3. HP: 19/19 MP: 6/6
  1192 | D:2      | Found an ancient bone altar of Kikubaaqudgha.
  1200 | D:2      | Noticed Sigmund
  1209 | D:2      | Mangled by Sigmund

Levels and vault maps discovered:
D:1:      dpeg_arrival_signposts, layout_loops_ring, grunt_decor_cap
D:2:      layout_loops_ring, overflow_temple_1_default, uniq_sigmund,
          uniq_natasha

Skill      XL: |  1 |
---------------+----+-----
Short Blades   | 2 |  2.4
Dodging        | |  2.4
Stealth        | |  4.7
Spellcasting   | |  2.1
Hexes          | |  3.3
Ice Magic      | |  0.9

Action                   || total
-------------------------++-------
Melee: Dagger            ||    47
 Cast: Ensorcelled Hiber ||     9
       Corona            ||     2
 Stab: Sleeping          ||    14
  Eat: Chunk             ||     9
Armor: Robe              ||     6
Dodge: Dodged            ||    29

Table legend:
 A = Non-vault XP
 B = Vault XP
 C = Vault XP percentage of total XP
 D = Non-vault monster count
 E = Vault monster count
 F = Vault count percentage of total count
                 A         B        C        D         E       F
            +---------+---------+-------+---------+---------+-------
      Total |      51 |       0 |   0.0 |      25 |       0 |   0.0
            +---------+---------+-------+---------+---------+-------
        D:1 |      35 |       0 |   0.0 |      17 |       0 |   0.0
        D:2 |      16 |       0 |   0.0 |       8 |       0 |   0.0
            +---------+---------+-------+---------+---------+-------
